 Dungeon Crawl Stone Soup version 0.17-a0-1731-g129c023 (webtiles) character file.

174 Gorice the Firebug (level 5, 0/31 HPs)
             Began as an Octopode Wanderer on Aug 29, 2015.
             Killed from afar by Robin (10 damage)
             ... with a wand of magic darts
             ... on level 3 of the Dungeon.
             The game lasted 00:18:36 (3222 turns).

Gorice the Firebug (Octopode Wanderer)              Turns: 3222, Time: 00:18:37

Health: 0/31       AC:  1    Str: 12    XL:     5   Next: 54%
Magic:  7/8        EV: 11    Int: 17    God:
Gold:   158        SH:  5    Dex:  9    Spells: 2 memorised, 5 levels left

rFire  . . .     SeeInvis .     a - +0 mace
rCold  . . .     Clarity  .     c - +1 buckler
rNeg   . . .     SustAt   .     (helmet restricted)
rPois  .         Gourm    .     (no amulet)
rElec  .         Spirit   .     Y - +3 ring of slaying
rCorr  .         Warding  .     (no ring)
rMut   .         Stasis   .     (no ring)
MR     .....                    (no ring)
Stlth  ++........               (no ring)
                                (no ring)
                                (no ring)
                                (no ring)

@: not resistant to hostile enchantments, unstealthy
A: almost no armour, amphibious, 8 rings, constrict 8, camouflage 1, gelatinous
body 1
a: no special abilities


You were on level 3 of the Dungeon.
You were not hungry.

You visited 1 branch of the dungeon, and saw 3 of its levels.

You collected 158 gold pieces.

Inventory:

Hand weapons
 a - a +0 mace (weapon)
 i - a -3 dagger
Missiles
 v - 3 javelins (quivered)
 y - 2 tomahawks
 Z - 66 stones
Armour
 c - a +1 buckler (worn)
Jewellery
 r - an uncursed ring of ice
 Y - a +3 ring of slaying (left tentacle)
Magical devices
 w - a wand of random effects (22)
Scrolls
 d - a scroll of blinking {unknown}
 n - 2 scrolls of remove curse
 o - a scroll of recharging
 u - a scroll of identify
Potions
 g - a potion of lignification {!q}
 h - 2 potions of curing
 j - a potion of heal wounds {!q}
 k - 3 potions of flight
 l - a potion of cancellation {!q}
 q - a potion of mutation {!q}
 s - a potion of might {unknown}
 t - a potion of ambrosia {unknown}
Books
 b - the Tome of Cold

   Spells                             Type                      Level
   a - Freeze                         Ice                          1
   b - Throw Frost                    Conjuration/Ice              2
 f - a book of Flames
Comestibles
 e - 4 bread rations {!e}
 m - a meat ration {!e}
 p - 9 chunks of flesh
 x - a royal jelly
 z - 4 fruits


   Skills:
 + Level 2.6 Shields
 + Level 2.0 Spellcasting
 * Level 2.8 Conjurations
   Level 1.0 Summonings
   Level 2.0 Translocations
 + Level 3.6 Fire Magic
   Level 2.0 Earth Magic


You had 5 spell levels left.
You knew the following spells:

 Your Spells              Type           Power        Failure   Level  Hunger
a - Flame Tongue          Conj/Fire      ##...        8%          1    #......
b - Throw Flame           Conj/Fire      ##....       12%         2    ###....


Dungeon Overview and Level Annotations

Branches:
Dungeon (3/15)

Altars:
Qazlal
Xom

Annotations:
D:3 Robin, Terence


Innate Abilities, Weirdness & Mutations

You cannot wear most types of armour.
You are amphibious.
You can wear up to eight rings at the same time.
You can use your tentacles to constrict eight enemies at once.
Your skin changes colour to match your surroundings (Stealth).
Your rubbery body absorbs attacks (AC +1).


Message History

Casting: Flame Tongue
Confirm with . or Enter, or press ? or * to list all spells.
Aiming: Flame Tongue
Press: ? - help, Shift-Dir - straight line, f - goblin
Aim: a goblin (moderately wounded, constricted by you, consumed by blood-lust)
The flame tongue hits the goblin.
You kill the goblin!
You sock the goblin!
You kill the goblin!
Robin zaps a wand.
The magic dart hits you!
It is a wand of magic darts.
Robin zaps a wand.
The magic dart hits you!
Damage: 11 (max 11)
Casting: Flame Tongue
Confirm with . or Enter, or press ? or * to list all spells.
Aiming: Flame Tongue
Press: ? - help, Shift-Dir - straight line, f - Robin
Aim: Robin, wielding an enchanted club, wearing a runed animal skin, wearing a helmet and carrying a wand of magic darts {zapped: 2} The flame tongue hits Robin.
Robin appears unharmed.
Robin zaps a wand.
The magic dart hits you!
Damage: 5 (max 11) Terence shouts!
Robin zaps a wand.
The magic dart hits you!
* * * LOW HITPOINT WARNING * * *
Items here: ) = †† a club; a large peridot ring; a goblin corpse; a goblin corpse Damage: 9 (max 11) Drink which item? (? for menu, Esc to quit)
Really quaff
j - 2 potions of heal wounds {!q}?
You feel much better. Robin closely misses you.
Press: ? - help, v - describe, . - travel
Here: Robin, wielding an enchanted club, wearing a runed animal skin, wearing a helmet and carrying a wand of magic darts {zapped: 4} The floor.
You sock Robin! Your grab misses Robin. You squeeze Robin, but do no damage.
Robin is heavily wounded.
Robin zaps a wand.
The magic dart hits you!
A goblin comes into view.
Damage: 10 (max 11) Unknown command.
The goblin shouts!
You hit Robin. You grab Robin.
Robin is heavily wounded.
You constrict Robin, but do no damage.
Robin zaps a wand.
The magic dart hits you!
* * * LOW HITPOINT WARNING * * *
Damage: 7 (max 11)
You hit Robin.
Robin is severely wounded.
You constrict Robin, but do no damage. Robin closely misses you.
Robin zaps a wand.
The magic dart hits you!
You die...

#.# #..# ########
#.# #.## ###
#.###.##########..
#....)........÷W..
#........######.##
#........# ###..#
#)(......###...##
#.#########..###
#@# ######..######
#g# ..............
#@# .........#####
#(# ........## #g#
.....>..# #.#
........# #.#
........# #.#
######### #.#


You could see Terence, Robin and a goblin (frenzied).

Vanquished Creatures
  The ghost of Baka the Firebug, an average DEFE (D:3)
  2 adders
  An ooze (D:3)
  3 worms
  3 giant geckos
  4 orcs (D:3)
  2 giant cockroaches (D:1)
  8 hobgoblins
  7 kobolds
  A quokka (D:1)
  11 bats
  2 giant newts
  15 goblins
  7 rats
67 creatures vanquished.

Notes
Turn   | Place    | Note
--------------------------------------------------------------
     0 | D:1      | Gorice the Octopode Wanderer began the quest for the Orb.
     0 | D:1      | Gorice set off with: a book of Flames, the Tome of Cold, a +0 buckler, a +0 club, a bread ration {!e}
     0 | D:1      | Reached XP level 1. HP: 11/11 MP: 2/2
     0 | D:1      | Identified the Tome of Cold
     2 | D:1      | Learned a level 1 spell: Flame Tongue
   427 | D:1      | Reached XP level 2. HP: 10/17 MP: 0/3
   909 | D:1      | Reached skill level 1 in Conjurations
  1343 | D:1      | Learned a level 2 spell: Throw Flame
  1605 | D:1      | Reached XP level 3. HP: 18/21 MP: 2/5
  1995 | D:2      | Reached skill level 2 in Conjurations
  2446 | D:3      | Noticed Baka's ghost (average DEFE)
  2521 | D:3      | Found a stormy altar of Qazlal.
  2533 | D:3      | Found a shimmering altar of Xom.
  2605 | D:3      | Noticed Terence
  2701 | D:3      | Reached XP level 4. HP: 24/27 MP: 4/6
  2872 | D:3      | Reached skill level 3 in Fire Magic
  3059 | D:3      | Killed Baka's ghost
  3059 | D:3      | Reached skill level 2 in Spellcasting
  3059 | D:3      | Reached XP level 5. HP: 27/31 MP: 0/8
  3196 | D:3      | Noticed Robin
  3212 | D:3      | HP: 8/31 [goblin[Robin] (2)]
  3218 | D:3      | HP: 2/31 [Robin/wand of magic darts (9)]
  3222 | D:3      | Killed from afar by Robin

Vault maps used:
D:1:      shiori_shiawase
D:2:      serial_forest, infiniplex_forest_lined_corner,
          infiniplex_forest_straight_1, infiniplex_forest_straight_2,
          infiniplex_forest_lined_ring, infiniplex_forest_straight_1,
          infiniplex_forest_corner_1, infiniplex_forest_straight_2,
          infiniplex_forest_straight_2, infiniplex_forest_lined_2,
          infiniplex_forest_corner_2
D:3:      amethyst_overflow_temple_binary, first_bread, portal_sewer_entry_e,
          uniq_terence, uniq_robin

Action                   |  1- 3 |  4- 6 || total
-------------------------+-------+-------++-------
Melee: Dagger            |    26 |       ||    26
       Mace              |     9 |    30 ||    39
Throw: Stone             |    17 |       ||    17
       Tomahawk          |       |     1 ||     1
 Cast: Flame Tongue      |    69 |    28 ||    97
Evoke: Wand              |       |     2 ||     2
  Use: Scroll            |     7 |     2 ||     9
       Potion            |       |     3 ||     3
 Stab: Sleeping          |     2 |       ||     2
  Eat: Chunk             |     8 |     2 ||    10

Table legend:
 A = Turns spent in this place as a percentage of turns spent in the entire game.
 B = Non-inter-level travel turns spent in this place as a percentage of non-inter-level travel turns spent in the entire game.
 C = Inter-level travel turns spent in this place as a percentage of turns spent in this place.
 D = Turns resting spent in this place as a percentage of non-inter-level travel turns spent in this place.
 E = Turns spent auto-exploring this place as a percentage of non-inter-level travel turns spent in this place.
 F = Non-inter-level travel turns spent in this place divided by the number of levels of this place that you've seen.
                   A       B       C       D       E      F
               +-------+-------+-------+-------+-------+----------------------
         Total | 100.0 | 100.0 |   0.5 |   4.0 |   3.2 | 439.0
       Dungeon | 100.0 | 100.0 |   0.5 |   4.0 |   3.2 | 439.0
               +-------+-------+-------+-------+-------+----------------------

Vault maps used:
D:1:      shiori_shiawase
D:2:      serial_forest, infiniplex_forest_lined_corner,
          infiniplex_forest_straight_1, infiniplex_forest_straight_2,
          infiniplex_forest_lined_ring, infiniplex_forest_straight_1,
          infiniplex_forest_corner_1, infiniplex_forest_straight_2,
          infiniplex_forest_straight_2, infiniplex_forest_lined_2,
          infiniplex_forest_corner_2
D:3:      amethyst_overflow_temple_binary, first_bread, portal_sewer_entry_e,
          uniq_terence, uniq_robin
